 Dungeon Crawl Stone Soup version 0.17-a0-1851-gf12a9eb (webtiles) character file.

132 TruthSerum the Skirmisher (level 4, -2/42 HPs)
             Began as a Minotaur Fighter on Sept 19, 2015.
             Was an Initiate of Qazlal.
             Slain by blexxed's ghost (6 damage)
             ... on level 3 of the Dungeon.
             The game lasted 00:07:43 (1688 turns).

TruthSerum the Skirmisher (Minotaur Fighter)        Turns: 1688, Time: 00:07:43

Health: -2/42      AC:  8    Str: 20    XL:     4   Next: 92%
Magic:  3/3        EV:  7    Int:  5    God:    Qazlal [......]
Gold:   122        SH:  9    Dex: 11    Spells: 0 memorised, 3 levels left

rFire  . . .     SeeInvis .     a - +0 flail
rCold  . . .     Clarity  .     b - +0 scale mail
rNeg   . . .     SustAt   .     c - +0 shield
rPois  .         Gourm    .     k - +0 hat
rElec  .         Spirit   .     r - +0 cloak
rCorr  .         Warding  .     (no gloves)
rMut   .         Stasis   .     (no boots)
MR     .....                    (no amulet)
Stlth  +.........               (no ring)
                                o - ring of stealth

@: not resistant to hostile enchantments, very unstealthy
A: retaliatory headbutt, horns 2
a: Renounce Religion


You were on level 3 of the Dungeon.
You worshipped Qazlal.
Qazlal was noncommittal.
You were not hungry.

You visited 1 branch of the dungeon, and saw 3 of its levels.

You collected 122 gold pieces.

Inventory:

Hand weapons
 a - a +0 flail (weapon)
Armour
 b - a +0 scale mail (worn)
 c - a +0 shield (worn)
 k - a +0 hat (worn)
 r - a +0 cloak (worn)
Jewellery
 o - a ring of stealth (left hand)
Scrolls
 j - a scroll of amnesia
Potions
 d - a potion of might
 f - 2 potions of ambrosia {unknown}
 h - a potion of lignification {unknown}
 l - 3 potions of curing {unknown}
 m - 2 potions of poison {unknown}
 p - a potion of flight {unknown}
Comestibles
 e - 2 bread rations
 i - 4 meat rations


   Skills:
 + Level 5.5 Fighting
 + Level 4.2 Maces & Flails
 - Level 3.6 Armour
 - Level 1.2 Dodging
 - Level 3.6 Shields
 + Level 0.0 Invocations


You had 3 spell levels left.
You didn't know any spells.

Dungeon Overview and Level Annotations

Branches:
Dungeon (3/15)

Altars:
Nemelex Xobeh
Qazlal

Annotations:
D:3 blexxed's ghost, average MiFi


Innate Abilities, Weirdness & Mutations

You reflexively headbutt those who attack you in melee.
You have a pair of horns on your head.


Message History

Blexxed's ghost is heavily damaged.
You block blexxed's ghost's attack.
You hit blexxed's ghost.
Blexxed's ghost is severely damaged.
Blexxed's ghost hits you!
* * * LOW HITPOINT WARNING * * *
You hit blexxed's ghost. You headbutt blexxed's ghost.
Blexxed's ghost is severely damaged.
You block blexxed's ghost's attack.
Blexxed's ghost screams, "You will never get the ORB!"
You block blexxed's ghost's attack.
Unknown command.
You barely miss blexxed's ghost.
Blexxed's ghost is severely damaged.
Blexxed's ghost barely misses you. You furiously retaliate!
You headbutt blexxed's ghost, but do no damage.
You barely miss blexxed's ghost.
Blexxed's ghost is severely damaged.
Blexxed's ghost hits you.
You die...

..#.#
###...#
.....###
.......
.....# #
##...#.#
#.#..#.#.#
#.#.##@#.#
#.#.##W#.#
#.#......!.#
#........###
#####.######
#......###
##........
#.###.###
#.# #


You could see blexxed's ghost.

Vanquished Creatures
  Crazy Yiuf (D:2)
  6 gnolls (D:2)
  2 worms
  5 bats
  6 hobgoblins
  2 jackals (D:2)
  8 kobolds
  2 giant geckos
  A giant newt (D:3)
  3 goblins
  10 rats
46 creatures vanquished.

Vanquished Creatures (others)
  A kobold (D:2)
1 creature vanquished.

Grand Total: 47 creatures vanquished

Notes
Turn   | Place    | Note
--------------------------------------------------------------
     0 | D:1      | TruthSerum the Minotaur Fighter began the quest for the Orb.
     0 | D:1      | Reached XP level 1. HP: 19/19 MP: 0/0
   148 | D:1      | Reached skill level 4 in Fighting
   184 | D:1      | Reached XP level 2. HP: 25/27 MP: 1/1
   718 | D:2      | Reached XP level 3. HP: 30/34 MP: 2/2
   815 | D:2      | Reached skill level 5 in Fighting
   815 | D:2      | Reached skill level 1 in Dodging
   968 | D:2      | Found a faded altar to an unknown god.
  1054 | D:2      | Found a sparkling altar of Nemelex Xobeh.
  1064 | D:2      | Reached XP level 4. HP: 35/42 MP: 3/3
  1190 | D:2      | Noticed Crazy Yiuf
  1197 | D:2      | Killed Crazy Yiuf
  1393 | D:2      | Found a stormy altar of Qazlal.
  1401 | D:2      | Became a worshipper of Qazlal Stormbringer
  1679 | D:3      | Noticed blexxed's ghost (average MiFi)
  1688 | D:3      | Slain by blexxed's ghost

Vault maps used:
D:1:      lightli_iron_boxes
D:2:      nemelex_deck, ecumenical_altar_1, first_bread, st_stairs_12,
          nicolae_qazlal_eye_of_the_storm, uniq_crazy_yiuf_cottage

Action                   |  1- 3 |  4- 6 || total
-------------------------+-------+-------++-------
Melee: Flail             |    87 |    33 ||   120
  Use: Scroll            |     1 |     2 ||     3
  Eat: Chunk             |     1 |     2 ||     3
